 Dungeon Crawl Stone Soup version 0.25-a0-670-g50981ef59b (webtiles) character file.

Game seed: 14763553193364632362, levelgen mode: deterministic

24 harlaan the Sneak (level 3, 0/19 HPs)
             Began as a Kobold Enchanter on Mar 29, 2020.
             Slain by a hobgoblin
             ... wielding a cursed +0 club
              (1 damage)
             ... on level 2 of the Dungeon.
             The game lasted 00:20:05 (1746 turns).

harlaan the Sneak (Kobold Enchanter)                Turns: 1746, Time: 00:20:06

Health: 0/19       AC:  3    Str:  5    XL:     3   Next: 15%
Magic:  6/6        EV: 14    Int: 17    God:
Gold:   50         SH:  0    Dex: 15    Spells: 3/6 levels left

rFire    . . .     SeeInvis .   a - +2 dagger
rCold    . . .     Gourm    .   (shield restricted)
rNeg     . . .     Faith    .   k - +0 leather armour
rPois    .         Spirit   .   (no helmet)
rElec    .         Reflect  .   (no cloak)
rCorr    .         Harm     .   (no gloves)
MR       .....                  (no boots)
Stlth    ++........             (no amulet)
HPRegen  0.06/turn              (no ring)
MPRegen  0.10/turn              (no ring)

@: no status effects
A: small, carnivore
a: no special abilities


You were on level 2 of the Dungeon.
You were not hungry.

You visited 1 branch of the dungeon, and saw 2 of its levels.

You collected 50 gold pieces.

Inventory:

Hand Weapons
 a - a +2 dagger (weapon)
Missiles
 h - 42 stones (quivered)
Armour
 b - a +0 robe
 f - a +0 ring mail
 j - a +0 scale mail
 k - a +0 leather armour (worn)
Scrolls
 c - a scroll of enchant weapon
Potions
 g - a potion of stabbing {unknown}
Comestibles
 d - 2 rations


   Skills:
 + Level 0.1 Fighting
 + Level 2.2 Short Blades
 + Level 2.6 Dodging
 + Level 4.1 Stealth
 + Level 2.4 Spellcasting
 + Level 3.4 Hexes


You had 3 spell levels left.
You knew the following spells:

 Your Spells              Type           Power        Failure   Level  Hunger
a - Corona                Hex            ##.....      8%          1    #......
b - Ensorcelled Hibernat  Hex/Ice        #.....       24%         2    ##.....

Your spell library contained the following spells:

 Spells                   Type           Power        Failure   Level  Hunger
 Confusing Touch          Hex            ##......     22%         3    ###....
 Tukima's Dance           Hex            ##......     22%         3    ###....
 Dazzling Flash           Conj/Hex       #.....       43%         3    ###....


Dungeon Overview and Level Annotations

Branches:
Dungeon (2/15)

Altars:


Innate Abilities, Weirdness & Mutations

You are small and have problems with some larger weapons.
You are carnivorous and can eat meat at any time.


Message History

You hit the jackal.
The jackal is heavily wounded.
The jackal barely misses you. x2
You hit the jackal.
You kill the jackal!
The gnoll hits you but does no damage.
Found a scroll labeled EGIBREVURR.
The hobgoblin barely misses you.
The gnoll hits you from afar with a +0 spear.
* * * LOW HITPOINT WARNING * * *
You see here a scroll labeled EGIBREVURR.
Okay, then.
There are no items here.
Unknown command.
Okay, then.
You hit the hobgoblin but do no damage.
The hobgoblin hits you but does no damage.
You closely miss the hobgoblin. The gnoll barely misses you.
The hobgoblin hits you with a cursed +0 club.
You die...

*,,,,,,......###.######.
#######.................
#.....#.###.........####
###.#.#.#.....g#.##.....
#.#.#.#...g#g#>.......
#.#.#.#.##.#g#.##..#..
#.#.#.#,,.,#.#.##.....
#.#.#.######.#.###.###
#.#.#@gggg.g.#.# #g#
#.#.##########.# #.#
#.#.# ##+###'## #.#.#
#.......# #.#.#
#.......## #.#<#
#.........
#.###########.........
#.....................
############..........


You could see 4 gnolls and a hobgoblin.

Vanquished Creatures
  A dart slug (D:1)
  A bat (D:1)
  A giant cockroach (D:1)
  3 goblins (D:1)
  3 hobgoblins (D:1)
  3 jackals (D:2)
  3 kobolds (D:1)
  4 rats (D:1)
19 creatures vanquished.

Notes
Turn   | Place    | Note
-------+----------+-------------------------------------------
     0 | D:1      | harlaan the Kobold Enchanter began the quest for the Orb.
     0 | D:1      | Reached XP level 1. HP: 10/10 MP: 3/3
   550 | D:1      | Reached XP level 2. HP: 15/15 MP: 5/5
   680 | D:1      | Learned a level 2 spell: Ensorcelled Hibernation
  1262 | D:1      | Reached XP level 3. HP: 19/19 MP: 1/6
  1746 | D:2      | Slain by a hobgoblin

Levels and vault maps discovered:
D:1:      minmay_arrival_four_loops, layout_loops_ring
D:2:      layout_basic

Skill      XL: |  1  2 |
---------------+-------+-----
Short Blades   | 2 |  2.2
Fighting       | |  0.1
Dodging        | |  2.6
Stealth        | |  4.1
Spellcasting   | |  2.4
Hexes          | |  3.4

Action                   || total
-------------------------++-------
Melee: Dagger            ||   109
 Cast: Ensorcelled Hiber ||     7
       Corona            ||     1
  Use: Scroll            ||     3
 Stab: Sleeping          ||     2
  Eat: Chunk             ||     6
Armor: Ring mail         ||    22
       Robe              ||     1
       Leather armour    ||    12
Dodge: Dodged            ||    83

Table legend:
 A = Non-vault XP
 B = Vault XP
 C = Vault XP percentage of total XP
 D = Non-vault monster count
 E = Vault monster count
 F = Vault count percentage of total count
                 A         B        C        D         E       F
            +---------+---------+-------+---------+---------+-------
      Total |      35 |       0 |   0.0 |      19 |       0 |   0.0
            +---------+---------+-------+---------+---------+-------
        D:1 |      29 |       0 |   0.0 |      16 |       0 |   0.0
        D:2 |       6 |       0 |   0.0 |       3 |       0 |   0.0
            +---------+---------+-------+---------+---------+-------
